 Dungeon Crawl Stone Soup version 0.30-a0-760-g5a9884bb7c (webtiles) character file.

Game seed: 6495320990063672634

0 JumpingJurisdiction the Magician (level 1, 0/14 HPs)
             Began as an Armataur Hedge Wizard on Feb 11, 2023.
             Frozen to death by an endoplasm (5 damage)
             ... on level 1 of the Dungeon.
             The game lasted 00:01:34 (62 turns).

JumpingJurisdiction the Magician (AtHW)               Turns: 62, Time: 00:01:34

Health: 0/14       AC:  4    Str: 15    XL:     1   Next: 8%
Magic:  4/4        EV:  9    Int: 14    God:
Gold:   21         SH:  0    Dex:  9    Spells: 4/5 levels left

rFire   . . .      SeeInvis .    a - +0 dagger
rCold   . . .      Faith    +    (no shield)
rNeg    . . .      Spirit   .    b - +0 robe
rPois   .          Reflect  .    c - +0 hat
rElec   .          Harm     .    (no cloak)
rCorr   .          Roll     +    (no gloves)
Will    .....                    (no barding)
Stlth   ++                       e - amulet of faith
HPRegen 0.22/turn                (no ring)
MPRegen 0.09/turn                (no ring)

@: no status effects
A: large, rugged brown scales 3, deformed body, armoured tail, roll, long
tongue, awkward tongue
a: no special abilities


You were on level 1 of the Dungeon.
You visited 1 branch of the dungeon, and saw 1 of its levels.

You collected 21 gold pieces.

Inventory:

Hand Weapons
 a - a +0 dagger (weapon)
Armour
 b - a +0 robe (worn)
 c - a +0 hat (worn)
Jewellery
 e - an amulet of faith (around neck)
Potions
 d - a potion of magic


   Skills:
 + Level 1.4 Dodging
 + Level 2.2 Stealth
 + Level 2.6 Spellcasting
 + Level 0.8 Conjurations
 + Level 0.7 Summonings
 + Level 1.0 Translocations


You had 4 spell levels left.
You knew the following spells:

 Your Spells              Type           Power      Damage    Failure   Level
a - Magic Dart            Conj           16%        1d3       16%         1

Your spell library contained the following spells:

 Spells                   Type           Power      Damage    Failure   Level
 Slow                     Hex            4%         N/A       22%         1
 Blink                    Tloc           8%         N/A       22%         2
 Call Imp                 Summ           3%         N/A       26%         2
 Cigotuvi's Dreadful Rot  Necr/Pois/Air  2%         N/A       32%         2
 Mephitic Cloud           Conj/Pois/Air  2%         N/A       52%         3


Dungeon Overview and Level Annotations

Branches:
Dungeon (1/15)

Altars:


Innate Abilities, Weirdness & Mutations

You are completely covered in rugged brown scales. (AC +3, +7% HP)
Armour fits poorly on your strangely shaped body.
You have a long armoured tail.
You roll when moving toward enemies. (Rampage)
Your long tongue fully drains potion bottles. (2x potion effects)
Your tongue gives you trouble enunciating. (1.5x scroll delay)


Message History

You barely miss the goblin.
The goblin is severely wounded.
The goblin misses you.
You closely miss the goblin. You tail-slap the goblin.
You kill the goblin!
The bat hits you.
You roll towards the bat!
You closely miss the bat. The bat hits you but does no damage.
The bat completely misses you.
You roll towards the bat!
You miss the bat. The bat hits you.
You roll towards the bat!
Found a spear.
You barely miss the bat. The bat hits you but does no damage.
You closely miss the bat. The bat hits you but does no damage.
The bat hits you.
You miss the bat. The bat hits you but does no damage.
You roll towards the bat!
You barely miss the bat. The bat hits you but does no damage. x2
You closely miss the bat. The bat hits you but does no damage.
You roll towards the bat!
The bat hits you but does no damage. The bat barely misses you.
The bat hits you.
An endoplasm comes into view.
The bat barely misses you.
You closely miss the bat.
The endoplasm quivers.
The bat barely misses you. The bat completely misses you.
You roll towards the endoplasm!
The bat hits you but does no damage.
You roll towards the endoplasm!
A hobgoblin comes into view.
The endoplasm freezes you.
You are frozen.
The bat barely misses you. The bat hits you.
You see here a +0 spear.
You hit the bat but do no damage. The bat hits you but does no damage. x2
The endoplasm barely misses you. The bat hits you but does no damage.
You barely miss the bat.
Your tail-slap misses the bat.
The bat barely misses you. The endoplasm freezes you.
You are frozen.
You die... g

....#####################
.......J@.b......).......
............#############
.##.#######.# # # #... #
####.. # .# # # # #


You could see an endoplasm and a bat.

Vanquished Creatures
  A goblin (D:1)
1 creature vanquished.

Notes
Turn   | Place    | Note
-------+----------+-------------------------------------------
     0 | D:1      | JumpingJurisdiction the Armataur Hedge Wizard began the
                  | quest for the Orb.
     0 | D:1      | Reached XP level 1. HP: 14/14 MP: 4/4
    62 | D:1      | Frozen to death by an endoplasm

Illustrated notes

Levels and vault maps discovered:
D:1:      lightli_arrival_maybe_door_vault, layout_basic,
          shapermc_ecumenical_altar_ellora

Action                     || total
---------------------------++-------
  Melee: Dagger            ||    16
         Tailslap          ||     1
 Armour: Robe              ||    12
  Dodge: Dodged            ||    11

Table legend: (Time is in decaauts)
 A = Elapsed time spent in this place.
 B = Non-inter-level travel time spent in this place.
 C = Inter-level travel time spent in this place.
 D = Time resting spent in this place.
 E = Time spent auto-exploring this place.
 F = Levels seen in this place.
 G = Mean time per level.
                   A        B        C        D        E       F      G
               +--------+--------+--------+--------+--------+-----+--------+
         Total |     62 |     35 |     27 |      0 |      0 |   1 |   62.0 |
       Dungeon |     62 |     35 |     27 |      0 |      0 |   1 |   62.0 |
               +--------+--------+--------+--------+--------+-----+--------+

Top non-repeatable levels by time:
     D:1: 62 daAuts
